 Dungeon Crawl Stone Soup version 0.20-a0-513-g02c11fc (webtiles) character file.

307 Kaname the Vexing (level 6, 16/41 HPs)
             Began as a Demonspawn Enchanter on Jan 23, 2017.
             Quit the game on level 3 of the Dungeon.
             The game lasted 00:11:20 (4228 turns).

Kaname the Vexing (Demonspawn Enchanter)            Turns: 4228, Time: 00:11:20

Health: 16/41      AC:  6    Str:  8    XL:     6   Next: 16%
Magic:  7/9        EV: 12    Int: 18    God:
Gold:   277        SH:  0    Dex: 14    Spells: 1/9 levels left

rFire    . . .     SeeInvis .   a - +1 dagger
rCold    . . .     Gourm    +   b - +0 robe
rNeg     . . .     Faith    .   (no shield)
rPois    .         Spirit   .   (helmet restricted)
rElec    .         Reflect  .   w - +0 cloak
rCorr    .         Harm     .   (no gloves)
MR       .....                  D - +0 pair of boots
Stlth    ++++......             p - amulet of the gourmand
Regen    0.2/turn               (no ring)
                                t - +1 ring of slaying

@: no status effects
A: horns 1, yellow scales 1, demonic guardian 1, nightstalker 1
a: no special abilities


You were on level 3 of the Dungeon.
You were not hungry.

You visited 2 branches of the dungeon, and saw 5 of its levels.

You collected 277 gold pieces.

Inventory:

Hand Weapons
 a - a +1 dagger (weapon)
 e - a +1 long sword of protection
Armour
 b - a +0 robe (worn)
 w - a +0 cloak (worn)
 D - a +0 pair of boots (worn)
Jewellery
 p - an amulet of the gourmand (around neck)
 t - a +1 ring of slaying (left hand)
Scrolls
 h - 3 scrolls of remove curse
 m - a scroll of blinking {unknown}
 o - 4 scrolls of teleportation
 u - a scroll of immolation {unknown}
 y - a scroll of recharging {unknown}
 B - a scroll of fear
Potions
 k - a potion of agility {unknown}
 l - 2 potions of invisibility
 n - a potion of heal wounds {unknown}
 q - 3 potions of magic
 r - a potion of ambrosia {unknown}
 s - 2 potions of flight
 v - a potion of berserk rage {unknown}
 x - a potion of mutation {unknown}
 z - a potion of haste {unknown}
 A - a potion of curing {unknown}
 C - a potion of cancellation
Books
 c - a book of Maledictions

   Spells                             Type                      Level
   a - Corona                         Hexes                        1
   b - Ensorcelled Hibernation        Hexes/Ice                    2
   c - Confuse                        Hexes                        3
   d - Tukima's Dance                 Hexes                        3
   e - Dazzling Spray                 Conjuration/Hexes            3
 E - a book of Minor Magic

   Spells                             Type                      Level
   a - Magic Dart                     Conjuration                  1
   b - Blink                          Translocation                2
   c - Call Imp                       Summoning                    2
   d - Repel Missiles                 Charms/Air                   2
   e - Slow                           Hexes                        2
   f - Conjure Flame                  Conjuration/Fire             3
   g - Mephitic Cloud                 Conjuration/Poison/Air       3
Comestibles
 d - 5 bread rations
 f - 6 fruits
 g - a royal jelly
 i - a chunk of flesh
 j - a meat ration


   Skills:
 - Level 2.0 Short Blades
 - Level 1.7 Dodging
 - Level 4.0 Stealth
 - Level 2.0 Spellcasting
 - Level 5.2 Hexes
 + Level 2.0 Translocations
 - Level 0.1 Ice Magic


You had one spell level left.
You knew the following spells:

 Your Spells              Type           Power        Failure   Level  Hunger
a - Corona                Hex            ###....      1%          1    #......
b - Ensorcelled Hibernat  Hex/Ice        ##....       12%         2    ###....
c - Confuse               Hex            ###.....     10%         3    ###....
d - Blink                 Tloc           N/A          12%         2    ###....


Dungeon Overview and Level Annotations

Branches:
Dungeon (4/15)             Temple (1/1) D:4

Altars:
Ashenzari
Cheibriados
Dithmenos
Elyvilon
Fedhas
Hepliaklqana
Kikubaaqudgha
Nemelex Xobeh
Okawaru
Qazlal
Ru
Trog
Xom
Yredelemnul

Annotations:
D:3 exclusion: sky beast, Blork the orc, Grinder


Innate Abilities, Weirdness & Mutations

You have a pair of small horns on your head.
You are partially covered in yellow scales. (AC +2)
A weak demonic guardian rushes to your aid.
You are slightly more attuned to the shadows.


Message History

g - Guard the area. f - Follow me.
Anything else - Cancel.
Gang up on whom?
Press: ? - help, Dir - move target cursor, f/p - sky beast
Aim: a sky beast (severely wounded) Attack!
The sky beast closely misses your quasit.
Your quasit misses the sky beast.
Your quasit closely misses the sky beast.
Your quasit claws the sky beast.
Your iron imp hits the sky beast!
The sky beast dies!
Your Translocations skill gained 2 levels and is now at level 2!
You have reached level 6!
Your experience leads to an increase in your attributes!
Increase (S)trength, (I)ntelligence, or (D)exterity?
You feel clever.
Your demonic ancestry asserts itself...
Yellow scales grow over part of your body.
Unknown command.
Are you sure you want to abandon this character and quit the game? (Confirm with "yes".)

#..# #.# #..#
#..## #.# ..#
###.#.##
#.########5.#
...###.#
#...........#
###.#..#
######.#.##.###..#
##.#.#
#.5.5.........#..#
###.#
#.####...........#
#.# #5#
###...<..#... #.#
#@# #......#...
#.# #.#
#......###. #.#
#.### ###.#### #.
#.# #...# #.### #.
######.# #...#
#...# #< .......#
#...# ####.####.
.......# ##.##
#.........
######.# #.#
#.##.####. #..
############.#
#.##.# #.


You could see a friendly iron imp and a friendly quasit.

Vanquished Creatures
  A worker ant (D:4)
  An adder (D:3)
  2 worms (D:2)
  2 dart slugs
  5 leopard geckos
  7 orcs
  3 giant cockroaches
  3 goblins (D:1)
  7 hobgoblins
  5 kobolds
  6 bats
  4 frilled lizards
  6 rats
52 creatures vanquished.

Vanquished Creatures (collateral kills)
  A sky beast (D:3)
  An ogre (D:4)
  Jessica (D:3)
  Ijyb (D:2)
  An adder (D:2)
  A bat (D:3)
6 creatures vanquished.

Grand Total: 58 creatures vanquished

Notes
Turn   | Place    | Note
-------+----------+-------------------------------------------
     0 | D:1      | Kaname the Demonspawn Enchanter began the quest for the Orb.
     0 | D:1      | Reached XP level 1. HP: 13/13 MP: 3/3
   121 | D:1      | Reached skill level 1 in Short Blades
   450 | D:1      | Gained mutation: A weak demonic guardian rushes to your aid. [demonic ancestry]
   450 | D:1      | Reached XP level 2. HP: 19/19 MP: 1/5
   493 | D:1      | Learned a level 2 spell: Ensorcelled Hibernation
   939 | D:2      | Found a basalt altar of Yredelemnul.
  1409 | D:2      | Gained mutation: You have a pair of small horns on your head. [demonic ancestry]
  1409 | D:2      | Reached XP level 3. HP: 21/24 MP: 6/6
  1440 | D:2      | Noticed Ijyb
  1457 | D:2      | Killed Ijyb
  1592 | D:2      | Learned a level 3 spell: Confuse
  1792 | D:3      | Noticed a sky beast
  2093 | D:3      | Gained mutation: You are slightly more attuned to the shadows. [demonic ancestry]
  2093 | D:3      | Reached XP level 4. HP: 24/30 MP: 5/7
  2432 | D:3      | Noticed Blork the orc
  2512 | D:3      | Noticed Jessica
  2520 | D:3      | Killed Jessica
  2559 | D:3      | Noticed Grinder
  3064 | D:4      | Noticed an ogre
  3074 | D:4      | Killed an ogre
  3074 | D:4      | Reached skill level 4 in Hexes
  3074 | D:4      | Reached XP level 5. HP: 17/35 MP: 8/8
  3404 | D:4      | Found a staircase to the Ecumenical Temple.
  3426 | Temple   | Entered the Ecumenical Temple
  3700 | D:4      | Found a snail-covered altar of Cheibriados.
  3964 | D:4      | Reached skill level 5 in Hexes
  4009 | D:4      | Learned a level 2 spell: Blink
  4055 | D:4      | Found an ancient bone altar of Kikubaaqudgha.
  4227 | D:3      | Killed a sky beast
  4227 | D:3      | Gained mutation: You are partially covered in yellow scales. (AC +2) [demonic ancestry]
  4227 | D:3      | Reached XP level 6. HP: 16/41 MP: 7/9
  4228 | D:3      | Quit the game

Vault maps used:
D:1:      dpeg_arrival_line_fractal, minmay_pentomino_q2
D:2:      yredelemnul_altar_generic, first_bread, uniq_iyjb
D:3:      tgw_sif, uniq_jessica, uniq_natasha, uniq_grinder
D:4:      cheibriados_altar_1, kiku_gazebo_garden_becter, nrook_mini_vaults,
          hex_tiny
Temple:   jpeg_temple_clearing

Skill      XL: |  1  2  3  4  5 |
---------------+----------------+-----
Short Blades   | 1 2 |  2.0
Stealth        | 3 4 |  4.0
Hexes          | 4 5 |  5.2
Translocations | 2 |  2.0
Dodging        | |  1.7
Spellcasting   | |  2.0
Ice Magic      | |  0.1

Action                   |  1- 3 |  4- 6 || total
-------------------------+-------+-------++-------
Melee: Mace              |    38 |       ||    38
       Dagger            |   107 |    75 ||   182
       Headbutt          |     5 |    12 ||    17
 Cast: Corona            |     3 |       ||     3
       Ensorcelled Hiber |     3 |     4 ||     7
  Use: Scroll            |     3 |     4 ||     7
 Stab: Sleeping          |     7 |     9 ||    16
  Eat: Chunk             |     7 |     6 ||    13
Armor: Robe              |    27 |    14 ||    41
Dodge: Dodged            |   103 |    41 ||   144
